 Dungeon Crawl Stone Soup version 0.31-a0-743-g45f7035092 (webtiles) character file.

Game seed: 12552599417572528220

76993 iamoutofideas the Executioner (level 15, -6/198 HPs)
             Began as a Hill Orc Berserker on Sept 12, 2023.
             Was an Elder of Trog.
             Mangled by a tengu reaver
             ... wielding a +0 war axe
              (17 damage)
             ... on level 3 of the Abyss.
             The game lasted 00:34:37 (20848 turns).

iamoutofideas the Executioner (Hill Orc Berserker) Turns: 20848, Time: 00:34:37

Health: -6/198     AC: 23    Str: 28      XL:     15   Next: 55%
Magic:  15/15      EV:  8    Int:  6 (7)  God:    Trog [****..]
Gold:   1582       SH:  4    Dex:  5 (6)  Spells: 14/14 levels left

rFire   . . .        C - +1 broad axe
rCold   x x .        D - +0 buckler
rNeg    . . .        j - +0 plate armour
rPois   .            l - +2 hat
rElec   .            w - +0 cloak
rCorr   .            u - +1 pair of gloves
SInv    .            (no boots)
Will    +....        X - amulet of regeneration Stlth
                     v - ring of protection from fire
HPRegen 0.00/turn    e - +4 ring of slaying
MPRegen 0.14/turn

%: random rage (3%)
@: berserking, inhibited regen, very quick
A: [berserk 1], [clumsy 2], [deterioration 2], [frail 1], [screaming 2],
[inhibited regeneration], [cold vulnerability 2], [heat vulnerability 1],
[subdued magic 2], [inability to drink after injury 2], [inability to read after
injury 1]
a: Renounce Religion, Berserk, Trog's Hand, Brothers in Arms


You were on level 3 of the Abyss.
You worshipped Trog.
Trog was greatly pleased with you.
You visited 3 branches of the dungeon, and saw 21 of its levels.
You visited the Abyss 1 time.
You also visited: Ice Cave.

You collected 1845 gold pieces.
You spent 263 gold pieces at shops.

Inventory:

Hand Weapons
 h - a +1 battleaxe of freezing
 m - a +2 scimitar of flaming
 C - a +1 broad axe (weapon)
Missiles
 J - 2 throwing nets
Armour
 j - a +0 plate armour (worn)
 l - a +2 hat (worn)
 u - a +1 pair of gloves (worn)
 w - a +0 cloak (worn)
 D - a +0 buckler (worn)
 I - a +2 tower shield
Jewellery
 c - a ring of positive energy
 e - a +4 ring of slaying (right hand)
 v - a ring of protection from fire (left hand)
 z - a ring of resist corrosion
 T - a ring of protection from cold
 V - a ring of poison resistance
 X - an amulet of regeneration (around neck)
Wands
 b - a wand of polymorph (14)
 o - a wand of charming (23)
 p - a wand of flame (50)
 H - a wand of light (9)
 N - a wand of digging (10)
 R - a wand of iceblast (3)
Scrolls
 a - 2 scrolls of poison
 f - 2 scrolls of fog
 i - 4 scrolls of identify
 k - 6 scrolls of fear
 n - 2 scrolls of noise
 x - a scroll of teleportation
 y - 2 scrolls of blinking
 B - 5 scrolls of immolation
 F - a scroll of enchant weapon
 L - a scroll of revelation
 Q - 2 scrolls of enchant armour
 U - a scroll of summoning
 Y - 3 scrolls of vulnerability
Potions
 d - 7 potions of curing
 g - 2 potions of mutation
 q - 3 potions of attraction
 r - 3 potions of berserk rage
 t - 2 potions of resistance
 E - a potion of haste
 K - 5 potions of enlightenment
 O - a potion of lignification
 P - a potion of invisibility
 S - a potion of might
 W - 8 potions of ambrosia
Miscellaneous
 M - a phantom mirror


   Skills:
 + Level 17.3 Fighting
 + Level 22.5 Axes
 + Level 15.2 Armour
 + Level 4.0 Dodging
 - Level 0.3 Stealth
 - Level 4.0 Shields


You had 14 spell levels left.
You didn't know any spells.
Your spell library contained the following spells:

 Spells                   Type           Power      Damage    Failure   Level
 Foxfire                  Conj/Fire      0%         2x1d4     96%         1
 Magic Dart               Conj           0%         1d3       96%         1
 Summon Small Mammal      Summ           0%         N/A       96%         1
 Searing Ray              Conj           0%         2d4       99%         2
 Wereblood                Tmut           0%         N/A       99%         2
 Call Canine Familiar     Summ           0%         N/A       100%        3
 Inner Flame              Hex/Fire       0%         N/A       100%        3
 Ozocubu's Armour         Ice            0%         N/A       100%        3
 Stone Arrow              Conj/Erth      0%         3d7       100%        3
 Summon Guardian Golem    Hex/Summ       0%         N/A       100%        3
 Anguish                  Hex/Necr       0%         N/A       100%        4
 Animate Armour           Summ/Erth      0%         N/A       100%        4
 Cause Fear               Hex            0%         N/A       100%        4
 Fulminant Prism          Conj/Hex       0%         3d5       100%        4
 Leda's Liquefaction      Hex/Erth       0%         N/A       100%        4
 Passage of Golubria      Tloc           0%         N/A       100%        4
 Irradiate                Conj/Tmut      0%         3d11      100%        5
 Lee's Rapid Deconstruct  Erth           0%         3d4*      100%        5
 Metabolic Englaciation   Hex/Ice        0%         N/A       100%        5
 Silence                  Hex/Air        0%         N/A       100%        5
 Yara's Violent Unravell  Hex/Tmut       0%         3d3       100%        5
 Leda's Unmaking          Conj/Erth      0%         9d1       100%        6
 Plasma Beam              Fire/Air       0%         2x1d10    100%        6
 Simulacrum               Ice/Necr       0%         N/A       100%        6
 Starburst                Conj/Fire      0%         6d3       100%        6
 Enfeeble                 Hex            0%         N/A       100%        7
 Orb of Destruction       Conj           0%         9d5       100%        7
 Spellforged Servitor     Conj/Summ      0%         N/A       100%        7
 Lehudib's Crystal Spear  Conj/Erth      0%         10d2      100%        8


Dungeon Overview and Level Annotations

Branches:
Dungeon (15/15)            Temple (1/1) D:7            Lair (5/5) D:9
 Shoals (0/4) Lair:2        Snake (0/4) Lair:3        Slime (0/5) Lair:4
    Orc (0/2) D:10         Vaults (0/5) D:14          IceCv (visited)
 Depths: D:15

Altars:
Ashenzari
Cheibriados
Dithmenos
Elyvilon
Fedhas
Gozag
Hepliaklqana
Kikubaaqudgha
Makhleb
Nemelex Xobeh
Okawaru
Qazlal
Ru
Sif Muna
Trog
Uskayaw
Vehumet
Wu Jian
Xom
Yredelemnul
Zin
The Shining One
Jiyva

Shops:
D:2 :   D:8 (   D:10 *

Portals:
Trove: D:11 (give +2 fire dragon scales)

Annotations:
D:13 1 transporter
D:15 Louise


Innate Abilities, Weirdness & Mutations

[You sometimes lose your temper in combat.]
[You are very clumsy. (Dex -4)]
[Your body often deteriorates upon taking damage.]
[You are frail. (-10% HP)]
[You frequently scream uncontrollably at your foes.]
[You do not regenerate when monsters are visible.]
[You are very vulnerable to cold. (rC--)]
[You are vulnerable to heat. (rF-)]
[Your spells are easier to cast, but less powerful.]
[You sometimes lose the ability to drink potions when taking damage.]
[You occasionally lose the ability to read scrolls when taking damage.]


Message History

The bolt of fire hits you!!
* * * LOW HITPOINT WARNING * * *
You feel better.
A wretched star comes into view.
The tengu reaver hits you but does no damage.
The tengu reaver pecks you but does no damage.
The tengu reaver claws you but does no damage.
The tengu reaver attacks as it pursues you!
The tengu reaver hits you with a +0 war axe!
* * * LOW HITPOINT WARNING * * *
The tengu reaver pecks you but does no damage.
The tengu reaver claws you but does no damage.
The wretched star pulses with an eldritch light!
You feel yourself wasting away.
You feel your body start to fall apart. The tengu reaver casts a spell at you.
The bolt of lightning hits you!!
* * * LOW HITPOINT WARNING * * *
You hear a bark!
You hear a shout!
A red film seems to cover your vision as you go berserk!
You feel yourself moving faster!
You feel mighty!
The tengu reaver hits you with a +0 war axe.
* * * LOW HITPOINT WARNING * * *
The tengu reaver pecks you but does no damage.
The tengu reaver barely misses you.
You hit the tengu reaver.
The tengu reaver is lightly wounded.
You slash the tengu reaver!
The tengu reaver is lightly wounded.
You slash the wretched star!
The tengu reaver hits you but does no damage.
The tengu reaver pecks you but does no damage.
The tengu reaver claws you but does no damage.
You barely miss the wretched star.
The wretched star is moderately damaged.
The tengu reaver blocks your attack.
You hit the wretched star but do no damage.
The wretched star is moderately damaged.
You slice the tengu reaver!!
The tengu reaver hits you with a +0 war axe!
You die...

.... #..#.#...
#.... ....#.##
.#.#.#.##. . .
...#..
###.........
....#.##
#..#... . .##
.........##..#
####
#.#.#....###
#....#.####
##Q.# #@###
#.*## #....
#...#.. ...
##. .. ## #


You could see a tengu reaver (reflecting) and a wretched star.

Vanquished Creatures
  3 dire elephants (Lair:5)
  A white draconian (IceCv)
  Josephine (D:13)
  A vault guard (D:14)
  7 hydras
  A centaur warrior (D:14)
  A boulder beetle (D:14)
  2 tengu warriors
  3 two-headed ogres
  2 death yaks (Lair:5)
  Amaemon (Lair:2)
  A skeletal warrior (D:9)
  A spectral death yak (Lair:5)
  A fire crab (D:14)
  2 skysharks
  A large abomination (Abyss:3)
  A spectral anaconda (Lair:5)
  An obsidian statue (Lair:5)
  4 necromancers (Lair:5)
  4 deep elf pyromancers
  A wolf spider (D:14)
  A salamander (Lair:3)
  5 cyclopes
  3 manticores
  A merfolk siren (Lair:2)
  24 elephants
  An ugly thing (D:12)
  2 ice statues (IceCv)
  An apocalypse crab (Abyss:3)
  5 black mambas
  9 cane toads
  7 rime drakes
  An orange demon (Lair:2)
  2 gargoyles (D:10)
  10 komodo dragons
  3 kobold demonologists
  2 unseen horrors
  A queen bee (D:14)
  A tengu conjurer (D:14)
  3 efreet
  2 trolls
  2 merfolk (Lair:2)
  3 meliai (D:14)
  2 polar bears
  5 raiju (Abyss:3)
  A hornet (D:10)
  33 blink frogs
  7 slime creatures
  2 small abominations (Abyss:3)
  A vampire (D:12)
  7 wraiths
  A shadow (Abyss:3)
  A ynoxinul (Abyss:3)
  A golden eye (shapeshifter) (D:9)
  49 yaks
  A wyvern (Lair:3)
  A basilisk (shapeshifter) (D:13)
  2 steam dragons
  A death yak simulacrum (Lair:5)
  2 basilisks
  3 vampire mosquitoes (D:11)
  Edmund (D:4)
  A spectral cane toad (Lair:5)
  11 water moccasins
  5 acid dragons
  Duvessa (D:7)
  A black bear (D:6)
  3 ice beasts
  4 orc warriors
  An elephant zombie (Lair:5)
  2 sky beasts
  An ogre (D:5)
  11 wolves
  6 centaurs
  5 kobold brigands
  2 phantoms
  10 bullfrogs
  5 scorpions
  A gnoll sergeant (D:9)
  13 wights
  Dowan (D:7)
  27 killer bees
  2 lindwurm simulacra (IceCv)
  2 electric eels
  A howler monkey (D:9)
  A crimson imp (D:3)
  2 lava snakes (Lair:3)
  8 komodo dragon simulacra (IceCv)
  3 hounds
  3 jellies
  4 orc priests
  A gnoll bouda (D:5)
  2 iguanas
  7 orc wizards
  4 acid dragon simulacra (IceCv)
  10 adders
  15 gnolls
  4 white imps
  An ufetubus (D:7)
  7 steam dragon simulacra (IceCv)
  A worm (D:2)
  4 dart slugs
  41 orcs
  5 ball pythons
  12 endoplasms
  3 giant cockroaches
  3 hobgoblins
  6 jackals
  6 quokkas
  6 bats
  4 frilled lizards
  6 goblins
  A goblin skeleton (D:3)
  A goblin zombie (D:3)
  A hobgoblin zombie (D:3)
  24 kobolds
  2 kobold skeletons (D:3)
  An orc skeleton (D:3)
  2 orc zombies (D:3)
  4 rats
571 creatures vanquished.

Vanquished Creatures (collateral kills)
  A cyclops (D:9)
1 creature vanquished.

Vanquished Creatures (others)
  A killer bee (D:14)
  A lurking horror (Abyss:3)
  11 starspawn tentacles (Abyss:3)
13 creatures vanquished.

Grand Total: 585 creatures vanquished

Notes
Turn   | Place    | Note
-------+----------+-------------------------------------------
     0 | D:1      | iamoutofideas the Hill Orc Berserker began the quest for
                  | the Orb.
     0 | D:1      | Reached XP level 1. HP: 19/19 MP: 1/1
   172 | D:1      | Reached XP level 2. HP: 22/27 MP: 2/2
   597 | D:2      | Reached XP level 3. HP: 33/33 MP: 3/3
   661 | D:2      | Reached skill level 5 in Axes
   661 | D:2      | Reached XP level 4. HP: 34/41 MP: 4/4
   885 | D:2      | Reached XP level 5. HP: 47/47 MP: 5/5
  1032 | D:2      | Reached ** piety under Trog
  1069 | D:2      | Noticed a phantom
  1086 | D:2      | Killed a phantom
  1087 | D:2      | Reached skill level 6 in Axes
  1293 | D:2      | Found Esoeqol's Vocational Training.
  1842 | D:3      | Identified the +5 mace "Kedoxt" {heavy, rElec}
  1948 | D:3      | Reached XP level 6. HP: 50/55 MP: 6/6
  1999 | D:3      | Found a glowing golden altar of the Shining One.
  2012 | D:3      | Reached skill level 7 in Axes
  2166 | D:3      | Reached skill level 5 in Fighting
  2711 | D:4      | Reached *** piety under Trog
  2782 | D:4      | Noticed Edmund
  2798 | D:4      | Killed Edmund
  2799 | D:4      | Reached XP level 7. HP: 61/61 MP: 7/7
  2940 | D:4      | Reached skill level 8 in Axes
  3135 | D:4      | Found a white marble altar of Elyvilon.
  3178 | D:5      | Entered Level 5 of the Dungeon
  3342 | D:5      | Reached skill level 5 in Armour
  3562 | D:5      | Reached XP level 8. HP: 70/70 MP: 8/8
  3647 | D:5      | Reached skill level 9 in Axes
  4360 | D:6      | Identified the +5 leather armour of the Iron City of Dis
                  | {rPois Regen+ Dex-2}
  4383 | D:6      | Reached skill level 10 in Axes
  4688 | D:6      | Reached XP level 9. HP: 79/79 MP: 9/9
  4825 | D:6      | Reached skill level 11 in Axes
  5081 | D:7      | Noticed Dowan
  5082 | D:7      | Noticed Duvessa
  5091 | D:7      | Killed Dowan
  5102 | D:7      | Killed Duvessa
  5103 | D:7      | Reached skill level 12 in Axes
  5460 | D:7      | Reached **** piety under Trog
  5538 | D:7      | Reached skill level 13 in Axes
  5596 | D:7      | Found a staircase to the Ecumenical Temple.
  5605 | Temple   | Entered the Ecumenical Temple
  5872 | D:8      | Reached skill level 14 in Axes
  6046 | D:8      | Reached skill level 1 in Shields
  6192 | D:8      | Reached XP level 10. HP: 67/86 MP: 10/10
  6428 | D:8      | Found Rorghoaqa's Weapon Boutique.
  6887 | D:9      | Found a snail-covered altar of Cheibriados.
  7109 | D:9      | Reached skill level 15 in Axes
  7161 | D:9      | Found a staircase to the Lair.
  7265 | D:9      | Noticed a cyclops
  7273 | D:9      | Noticed a skeletal warrior
  7280 | D:9      | Killed a cyclops
  7281 | D:9      | Reached skill level 16 in Axes
  7301 | D:9      | Killed a skeletal warrior
  7653 | D:9      | Reached skill level 17 in Axes
  7666 | D:9      | Noticed a kobold demonologist
  7674 | D:9      | Killed a kobold demonologist
  8293 | D:10     | Entered Level 10 of the Dungeon
  8293 | D:10     | Noticed a two-headed ogre
  8295 | D:10     | Noticed a kobold demonologist
  8299 | D:10     | Noticed a deep elf pyromancer
  8302 | D:10     | Killed a two-headed ogre
  8303 | D:10     | Reached XP level 11. HP: 92/92 MP: 11/11
  8319 | D:10     | Reached skill level 18 in Axes
  8527 | D:10     | Killed a deep elf pyromancer
  9031 | D:10     | Found a staircase to the Orcish Mines.
  9060 | D:10     | Noticed a two-headed ogre
  9070 | D:10     | Killed a two-headed ogre
  9162 | D:10     | Found Buirioll's Island Escapes.
  9297 | D:10     | Found an iron altar of Okawaru.
  9411 | D:10     | Found an opulent altar of Gozag.
  9716 | D:10     | Found a stormy altar of Qazlal.
  9828 | D:10     | Bought a scroll of teleportation for 51 gold pieces
  9828 | D:10     | Bought a scroll of blinking for 127 gold pieces
  9828 | D:10     | Bought a potion of enlightenment for 85 gold pieces
 10137 | D:11     | Noticed a two-headed ogre
 10137 | D:11     | Noticed a manticore
 10146 | D:11     | Killed a two-headed ogre
 10147 | D:11     | Reached skill level 10 in Fighting
 10147 | D:11     | Reached XP level 12. HP: 94/106 MP: 12/12
 10487 | D:11     | Found a portal to a secret trove of treasure.
 10524 | D:11     | Reached skill level 10 in Armour
 10866 | D:12     | Found a frozen archway.
 10887 | IceCv    | Entered an ice cave
 11964 | IceCv    | Noticed a white draconian
 11978 | IceCv    | Killed a white draconian
 11979 | IceCv    | Reached skill level 19 in Axes
 12407 | Lair:1   | Entered Level 1 of the Lair of Beasts
 13200 | Lair:1   | Reached XP level 13. HP: 110/118 MP: 13/13
 13651 | Lair:1   | Reached ***** piety under Trog
 14090 | Lair:2   | Identified the +1 robe of the Chupacabra {rF+}
 14142 | Lair:2   | Noticed Amaemon
 14159 | Lair:2   | Killed Amaemon
 14219 | Lair:2   | Reached skill level 20 in Axes
 14693 | Lair:2   | Found a staircase to the Shoals.
 15035 | Lair:3   | Found a staircase to the Snake Pit.
 15863 | Lair:4   | Reached XP level 14. HP: 104/133 MP: 14/14
 16113 | Lair:4   | Reached skill level 15 in Fighting
 16191 | Lair:4   | Found a shimmering blue altar of Sif Muna.
 16206 | Lair:4   | Reached skill level 21 in Axes
 16614 | Lair:4   | Found a staircase to the Slime Pits.
 16614 | Lair:4   | Found a viscous altar of Jiyva.
 16776 | Lair:5   | Entered Level 5 of the Lair of Beasts
 17226 | Lair:5   | Noticed a dire elephant
 17226 | Lair:5   | Noticed a dire elephant
 17790 | Lair:5   | Noticed a dire elephant
 17806 | Lair:5   | Killed a dire elephant
 17806 | Lair:5   | Received a gift from Trog
 18210 | Lair:5   | Killed a dire elephant
 18216 | Lair:5   | Killed a dire elephant
 18242 | Lair:5   | Reached XP level 15. HP: 54/142 MP: 15/15
 18321 | Lair:5   | Identified the +0 glaive "Cappat" {antimagic, *Slow rPois
                  | Int+3 Dex+3}
 18931 | D:13     | Noticed Josephine
 18944 | D:13     | Killed Josephine
 18945 | D:13     | Reached skill level 22 in Axes
 19001 | D:13     | Found a transporter.
 19478 | D:14     | Reached skill level 15 in Armour
 20113 | D:14     | Found a gate to the Vaults.
 20283 | D:15     | Entered Level 15 of the Dungeon
 20346 | D:15     | Identified the +4 whip "Beastslayer" {drain, rN++ rCorr
                  | Str+3 Dex-3}
 20383 | D:15     | Noticed Louise
 20406 | Abyss:3  | Cast into level 3 of the Abyss (Louise)
 20412 | Abyss:3  | Noticed a tentacled starspawn
 20457 | Abyss:3  | Noticed a tentacled starspawn
 20604 | Abyss:3  | Found a corrupted altar of Lugonu.
 20785 | Abyss:3  | Noticed a bone dragon
 20837 | Abyss:3  | Noticed a tengu reaver
 20848 | Abyss:3  | Mangled by a tengu reaver

Illustrated notes

Levels and vault maps discovered:
D:1:      dpeg_arrival_oval, layout_rooms
D:2:      cheibrodos_fertilizer, layout_basic, nicolae_shop_vocational
D:3:      minmay_chambers_of_threes, layout_basic, nicolae_tso_besieged_by_evil
D:4:      layout_basic, elyvilon_altar_3, uniq_edmund
D:5:      layout_loops_cross, nrook_loot_triangle
D:6:      layout_cave_pools
D:7:      nicolae_cairo_tiling_large_dashed, layout_basic,
          minmay_temple_entry_antechambers, kennysheep_path_1, uniq_duvessa
D:8:      layout_loops_corners, serial_shops, nicolae_lakefront_shop
D:9:      minmay_bloctagon_deflated, layout_stronghold, cheibriados_altar_1,
          dpeg_oklobed_lair, kennysheep_generic_room_5
D:10:     cheibrodos_fzero, layout_irregular_city, okawaru_altar_gauntlet_db,
          nicolae_gozag_cash_rules_everything_around_me,
          nicolae_qazlal_eye_of_the_storm, orc_0_dummy, nicolae_island_escapes
D:11:     layout_roguey, nicolae_trove_entry_crossroad
D:12:     layout_irregular_city, portal_ice_cave_rime
D:13:     layout_cave_pools, nicolae_diode_basic, uniq_josephine
D:14:     layout_roguey [special_room_bee], david_vaults_5,
          chequers_decorated_corner, minmay_sticks_and_stones
D:15:     grunt_enter_depths_snipers, layout_layer_cave, uniq_roxanne,
          uniq_louise, uniq_agnes, uniq_jorgrun
Temple:   eino_temple_scatter_basement
Lair:1:   layout_regular_city, nicolae_quartered_pool_super,
          beast_lair_carwin_10
Lair:2:   layout_chaotic_city, elwin_shoals_entry_rooms,
          infiniplex_staircase_pool, lemuel_fruit_tree, uniq_amaemon
Lair:3:   layout_chaotic_city, nicolae_snake_entry_warm_welcome,
          lemuel_fruit_fields, grunt_megastairs_2
Lair:4:   layout_gridlike, slime_entry_1, basic_altar, hibernation_bobbens
Lair:5:   due_jungle_book, layout_cave_pods
Abyss:3:  base: Lair:2, minivault_26, hangedman_eye_storm, minivault_27,
          evilmike_abyss_exit_chaos, due_exit_kobolds, minivault_13,
          grunt_abyss_rune_forest_and_sorcery

Skill      XL: |  1  2  3  4  5  6  7  8  9 10 11 12 13 14 15 |
---------------+----------------------------------------------+-----
Fighting       | 4 5 7 10 12 14 16 17 | 17.3
Axes           | 5 6 7 8 10 14 17 18 19 20 21 22 | 22.5
Armour         | 3 4 5 6 9 11 13 14 15 | 15.2
Dodging        | 2 3 4 |  4.0
Shields        | 2 4 |  4.0
Stealth        | |  0.3

Action                     |  1- 3 |  4- 6 |  7- 9 | 10-12 | 13-15 || total
---------------------------+-------+-------+-------+-------+-------++-------
  Melee: Hand axe          |    58 |   189 |   377 |   188 |       ||   812
         Punch             |       |     2 |     6 |     2 |       ||    10
         Broad axe         |       |       |       |   296 |   955 ||  1251
 Invoke: Berserk           |     2 |     4 |     8 |    18 |    20 ||    52
         Trog's Hand       |       |       |     1 |     4 |     7 ||    12
         Brothers in Arms  |       |       |       |     1 |     1 ||     2
    Use: Scroll            |       |       |     8 |    14 |    10 ||    32
         Potion            |       |       |       |    10 |    10 ||    20
 Armour: Chain mail        |    35 |       |       |       |       ||    35
         Animal skin       |     3 |       |       |       |       ||     3
         Plate armour      |    11 |   146 |   159 |   352 |  1207 ||  1875
         Leather armour    |       |       |   131 |    78 |       ||   209
  Dodge: Dodged            |    27 |    57 |   167 |   147 |   379 ||   777
  Block: Buckler           |       |       |       |    64 |   184 ||   248

Table legend: (Time is in decaauts)
 A = Elapsed time spent in this place.
 B = Non-inter-level travel time spent in this place.
 C = Inter-level travel time spent in this place.
 D = Time resting spent in this place.
 E = Time spent auto-exploring this place.
 F = Levels seen in this place.
 G = Mean time per level.
                   A        B        C        D        E       F      G
               +--------+--------+--------+--------+--------+-----+--------+
         Total |  20788 |  19604 |   1184 |   3475 |  12203 |  23 |  903.8 |
       Dungeon |  13512 |  12610 |    902 |   1808 |   8539 |  15 |  900.8 |
        Temple |      1 |      1 |      0 |      0 |      0 |   1 |    1.0 |
          Lair |   5519 |   5238 |    281 |    640 |   3539 |   5 | 1103.8 |
         Abyss |    450 |    450 |      0 |     90 |      0 |   1 |  450.0 |
      Ice Cave |   1304 |   1304 |      0 |    936 |    124 |   1 | 1304.0 |
               +--------+--------+--------+--------+--------+-----+--------+

Top non-repeatable levels by time:
  Lair:5: 1807 daAuts
     D:9: 1608 daAuts
    D:10: 1429 daAuts
   IceCv: 1304 daAuts
     D:2: 1200 daAuts
     D:8: 1160 daAuts
  Lair:2: 1107 daAuts
    D:11: 1087 daAuts
     D:5: 1019 daAuts
  Lair:3: 996 daAuts
     D:3: 941 daAuts
    D:14: 922 daAuts
  Lair:4: 847 daAuts
    D:12: 824 daAuts
     D:6: 814 daAuts
